 Dungeon Crawl Stone Soup version 0.30.1-4-g462c640d31 (webtiles) character file.

Game seed: 13721186328692851538

245 rvierbuc the Chopper (level 5, -9/41 HPs)
             Began as a Demonspawn Gladiator on Aug 24, 2023.
             Mangled by Menkaure (16 damage)
             ... on level 5 of the Dungeon.
             The game lasted 00:07:14 (3345 turns).

rvierbuc the Chopper (Demonspawn Gladiator)         Turns: 3345, Time: 00:07:15

Health: -9/41      AC: 11    Str: 17    XL:     5   Next: 83%
Magic:  5/5        EV:  5    Int:  9    God:
Gold:   172        SH:  0    Dex: 14    Spells: 4/4 levels left

rFire   . . .        a - +1 war axe
rCold   . . .        (no shield)
rNeg    . . .        p - +0 plate armour
rPois   .            c - +0 helmet
rElec   .            (no cloak)
rCorr   .            (no gloves)
SInv    .            (no boots)
Will    .....        (no amulet) Stlth
                     (no ring)
HPRegen 0.26/turn    (no ring)
MPRegen 0.09/turn

%: no passive effects
@: attractive
A: foul stench 2, weakness stinger 1, no potion heal 1
a: no special abilities


You were on level 5 of the Dungeon.
You visited 1 branch of the dungeon, and saw 5 of its levels.

You collected 172 gold pieces.

Inventory:

Hand Weapons
 a - a +1 war axe (weapon)
 f - a +0 sling
Missiles
 d - 3 throwing nets (quivered)
 e - a javelin
 q - 11 poisoned darts
Armour
 b - a +0 leather armour
 c - a +0 helmet (worn)
 p - a +0 plate armour (worn)
Scrolls
 g - a scroll of immolation {unknown}
 h - 8 scrolls of identify
 i - a scroll of teleportation
 k - a scroll of butterflies {unknown}
 n - a scroll of noise {unknown}
 r - a scroll of magic mapping {unknown}
 s - a scroll of fear {unknown}
Potions
 j - a potion of resistance
 o - a potion of magic {unknown}


   Skills:
 * Level 3.1 Fighting
 + Level 5.1 Axes
 + Level 1.8 Throwing
 + Level 1.1 Armour
 + Level 3.0 Dodging
 + Level 0.1 Stealth


You had 4 spell levels left.
You didn't know any spells.
Your spell library contained the following spells:

 Spells                   Type           Power      Damage    Failure   Level
 Magic Dart               Conj           0%         1d3       100%        1
 Call Imp                 Summ           0%         N/A       100%        2
 Mephitic Cloud           Conj/Pois/Air  0%         N/A       100%        3


Dungeon Overview and Level Annotations

Branches:
Dungeon (5/15)
 Temple: D:4-7

Altars:
Dithmenos
Trog
Yredelemnul

Annotations:
D:5 Menkaure


Innate Abilities, Weirdness & Mutations

You sometimes emit foul miasma when damaged in melee.
You have a small tail.
Potions are less effective at restoring your health.


Message History

The phantom is heavily damaged.
The adder bites you.
You are poisoned.
The adder poisons you! The phantom hits you.
You closely miss the phantom.
The phantom is heavily damaged.
You closely miss the quokka. You hit the adder but do no damage.
You feel sick. The adder bites you but does no damage.
The phantom hits you but does no damage.
The quokka bites you but does no damage.
The adder bites you but does no damage.
You feel sick. The adder bites you but does no damage.
The phantom attacks as you move away! The phantom hits you.
* * * LOW HITPOINT WARNING * * *
The adder attacks as you move away! The adder bites you but does no damage.
The quokka attacks as you move away!
The quokka bites you but does no damage.
You feel sick.
It was a potion of attraction.
You feel attractive to monsters.
You feel sick.
The quokka bites you but does no damage.
The quokka closely misses you.
It was a potion of curing.
Your system partially rejects the healing.
You feel better. The quokka barely misses you.
You closely miss the quokka.
The quokka bites you but does no damage.
Menkaure, Prince of Dust comes into view.
The iguana bites you.
* * * LOW HITPOINT WARNING * * *
Menkaure hums drily.
Menkaure is attracted toward you. The quokka attacks as you move away!
The quokka bites you but does no damage.
The iguana barely misses you. The quokka closely misses you.
Menkaure is attracted toward you. The iguana attacks as you move away!
The iguana barely misses you. Menkaure hits you!
You die...

#.
..###..##.#......
... ##.....#.#
.##..#........##
..................
#.
#######S#..#.##.
#W#..§...
#r.§.#.###
#lM###.# #@.# #
.............#
..#......####..
##.##### #. . #


You could see a phantom, Menkaure, an iguana, an adder and a quokka.

Vanquished Creatures
  A scorpion (D:5)
  A sleepcap (D:4)
  2 orc wizards
  4 adders
  A worm (D:3)
  6 orcs
  5 ball pythons
  3 bats
  3 endoplasms
  5 giant cockroaches
  6 goblins
  7 hobgoblins
  8 kobolds
  3 quokkas
  3 frilled lizards
  5 rats
63 creatures vanquished.

Vanquished Creatures (others)
  A wizard (D:4)
1 creature vanquished.

Grand Total: 64 creatures vanquished

Notes
Turn   | Place    | Note
-------+----------+-------------------------------------------
     0 | D:1      | rvierbuc the Demonspawn Gladiator began the quest for the
                  | Orb.
     0 | D:1      | Reached XP level 1. HP: 16/16 MP: 1/1
   180 | D:1      | Reached skill level 3 in Axes
   284 | D:1      | Discovered your monstrous ancestry.
   284 | D:1      | Gained mutation: You have a small tail. [demonic ancestry]
   284 | D:1      | Reached XP level 2. HP: 16/22 MP: 2/2
   961 | D:2      | Gained mutation: You may rarely emit foul miasma when
                  | damaged in melee. [demonic ancestry]
   961 | D:2      | Reached XP level 3. HP: 20/27 MP: 3/3
  1718 | D:3      | Gained mutation: Potions are less effective at restoring
                  | your health. [potion of mutation]
  1958 | D:3      | Reached XP level 4. HP: 32/34 MP: 4/4
  1963 | D:3      | Reached skill level 4 in Axes
  2729 | D:4      | Gained mutation: You sometimes emit foul miasma when
                  | damaged in melee. [demonic ancestry]
  2729 | D:4      | Reached XP level 5. HP: 33/40 MP: 5/5
  2819 | D:4      | Found a basalt altar of Yredelemnul.
  3127 | D:4      | Found a bloodstained altar of Trog.
  3130 | D:4      | Noticed a wizard
  3135 | D:4      | Killed a wizard
  3240 | D:5      | Entered Level 5 of the Dungeon
  3296 | D:5      | Reached skill level 5 in Axes
  3296 | D:5      | Reached skill level 1 in Armour
  3315 | D:5      | Found a shadowy altar of Dithmenos.
  3322 | D:5      | Noticed a phantom
  3343 | D:5      | Noticed Menkaure
  3345 | D:5      | Mangled by Menkaure

Illustrated notes

Levels and vault maps discovered:
D:1:      mushboom_english_gardens, layout_basic, amcnicky_mini_corridor_feature
D:2:      layout_basic
D:3:      layout_loops_ring, gup_sewer_entry_spiral, wad_floor_pattern_untrapped
D:4:      layout_rooms, mainiacjoe_overflow_alcove_2, trog_wizard, st_stairs_2
D:5:      minmay_inner_zag, layout_loops_cross, general_overflow_altar,
          nicolae_dithmenos_shadow_blocks, nicolae_shop_i_like_small_books_too,
          uniq_prince_ribbit1, uniq_crazy_yiuf_cottage, uniq_menkaure

Skill      XL: |  1  2  3  4  5 |
---------------+----------------+-----
Axes           | 3 4 5 |  5.1
Dodging        | 3 |  3.0
Fighting       | 3 |  3.1
Armour         | 1 |  1.1
Throwing       | |  1.8
Stealth        | |  0.1

Action                     |  1- 3 |  4- 6 || total
---------------------------+-------+-------++-------
  Melee: War axe           |   113 |   103 ||   216
         Punch             |     2 |     1 ||     3
         Tailslap          |     8 |     9 ||    17
    Use: Scroll            |     4 |       ||     4
         Potion            |     1 |     2 ||     3
   Stab: Sleeping          |     2 |       ||     2
 Armour: Leather armour    |    25 |       ||    25
         Plate armour      |    14 |    74 ||    88
  Dodge: Dodged            |    66 |    37 ||   103
